 Dungeon Crawl Stone Soup version 0.29-a0-483-g69413ace17 (webtiles) character file.

Game seed: 10042049033281361016

5516 siradein the Fighter (level 10, 0/110 HPs)
             Began as an Ogre Fighter on May 25, 2022.
             Was a Priest of Makhleb.
             Slain by a death yak (7 damage)
             ... on level 9 of the Dungeon on May 26, 2022.
             The game lasted 00:30:09 (13443 turns).

siradein the Fighter (Ogre Fighter)                Turns: 13443, Time: 00:30:09

Health: 0/110      AC:  7    Str: 26    XL:     10   Next: 70%
Magic:  6/6        EV: 12    Int:  9    God:    Makhleb [***...]
Gold:   466        SH: 10    Dex: 15    Spells: 9/9 levels left

rFire   . . .      SeeInvis .   H - +1 spear (freeze)
rCold   . . .      Faith    .   c - +0 kite shield
rNeg    + . .      Spirit   .   b - +0 robe
rPois   .          Reflect  .   (helmet restricted)
rElec   .          Harm     .   (no cloak)
rCorr   .          Rampage  .   (gloves unavailable)
Will    +....                   (boots unavailable)
Stlth   +.........              (no amulet)
HPRegen 0.28/turn               v - +4 ring of protection
MPRegen 0.10/turn               x - ring of Discord {rN+ MP-9 Dex+7}

@: mighty
A: large, unfitting armour, tough skin 1
a: Renounce Religion, Minor Destruction, Lesser Servant of Makhleb


You were on level 9 of the Dungeon.
You worshipped Makhleb.
Makhleb was most pleased with you.
You visited 2 branches of the dungeon, and saw 10 of its levels.

You collected 466 gold pieces.

Inventory:

Hand Weapons
 a - a +0 trident
 B - the +6 dagger of Division {spect, *Slow rElec rN++ Will-}
   (You found it on level 4 of the Dungeon)

   When its wielder attacks, the weapon's spirit leaps out and strikes again.
   The spirit shares a part of any damage it takes with its wielder.
   rElec:     It insulates you from electricity.
   rN:        It greatly protects you from negative energy.
   *Slow:     It may slow you when you take damage.
   Will:      It decreases your willpower.
 H - a +1 spear of freezing (weapon)
Missiles
 e - 6 javelins
 j - 214 stones
 n - 47 poisoned darts
 p - 6 atropa-tipped darts
 r - 3 throwing nets
 D - 2 datura-tipped darts
Armour
 b - a +0 robe (worn)
 c - a +0 kite shield (worn)
Jewellery
 l - a ring of wizardry
 v - a +4 ring of protection (left hand)
 w - a ring of wizardry
 x - the ring of Discord (right hand) {rN+ MP-9 Dex+7}
   (You took it off a kobold on level 3 of the Dungeon)

   [ring of positive energy]

   Dex:       It affects your dexterity (+7).
   rN:        It protects you from negative energy.
   MP:        It affects your magic capacity (-9).
Wands
 z - a wand of polymorph (6)
Scrolls
 f - a scroll of magic mapping
 g - a scroll of blinking {unknown}
 m - 2 scrolls of noise {unknown}
 o - 2 scrolls of teleportation
 q - 5 scrolls of immolation {unknown}
 s - 2 scrolls of enchant weapon {unknown}
 t - a scroll of enchant armour
 u - a scroll of fog {unknown}
 y - a scroll of amnesia {unknown}
 A - 2 scrolls of poison {unknown}
 E - 3 scrolls of fear {unknown}
 J - a scroll of torment
 K - a scroll of summoning {unknown}
Potions
 d - 2 potions of might
 h - 2 potions of magic
 i - 3 potions of flight
 k - 4 potions of curing
 C - 2 potions of attraction {unknown}
 F - 2 potions of cancellation {unknown}
 G - a potion of lignification
 I - a potion of haste
 L - a potion of brilliance


   Skills:
 + Level 10.2 Fighting
 + Level 7.4 Polearms
 + Level 7.1 Dodging
 + Level 7.7 Shields
 + Level 6.8 Invocations


You had 9 spell levels left.
You didn't know any spells.
Your spell library contained the following spells:

 Spells                   Type           Power      Damage    Failure   Level
 Magic Dart               Conj           0%         1d3       63%         1
 Shock                    Conj/Air       0%         1d3       63%         1
 Call Imp                 Summ           0%         N/A       77%         2
 Inner Flame              Hex/Fire       0%         N/A       94%         3
 Mephitic Cloud           Conj/Pois/Air  0%         N/A       94%         3
 Cause Fear               Hex            0%         N/A       100%        4
 Dispersal                Tloc           0%         N/A       100%        6
 Discord                  Hex            0%         N/A       100%        8
 Disjunction              Tloc           0%         N/A       100%        8


Dungeon Overview and Level Annotations

Branches:
Dungeon (9/15)             Temple (1/1) D:4            Lair (0/6) D:9
    Orc: D:9-12

Altars:
Ashenzari
Cheibriados
Dithmenos
Elyvilon
Fedhas
Gozag
Hepliaklqana
Kikubaaqudgha
Makhleb
Nemelex Xobeh
Okawaru
Qazlal
Ru
Sif Muna
Trog
Uskayaw
Wu Jian
Xom
Yredelemnul
Zin
The Shining One

Shops:
D:3 =   D:4 [

Annotations:
D:7 1 runed translucent door, OTABOTABOTAB's ghost, novice DrTm


Innate Abilities, Weirdness & Mutations

You are too large for most types of armour.
You have tough skin. (AC +1)


Message History

The puff of flame hits the death yak!
The death yak is heavily wounded.
The death yak gores you!
The puff of flame hits the death yak.
The death yak is heavily wounded.
The death yak gores you!!
You are too injured to fight recklessly!
You hit the death yak. You freeze the death yak.
The death yak is severely wounded.
The death yak gores you!
* * * LOW HITPOINT WARNING * * *
You barely miss the death yak.
The death yak is severely wounded.
The death yak gores you but does no damage.
You hit the death yak. You freeze the death yak.
The death yak is severely wounded.
You block the death yak's attack.
You hit the death yak. You freeze the death yak.
The death yak is severely wounded.
You hit the death yak. You freeze the death yak.
The death yak is severely wounded.
The death yak misses you.
You barely miss the death yak.
The death yak is severely wounded.
The death yak is no longer covered in acid.
The death yak gores you!
* * * LOW HITPOINT WARNING * * *
You barely miss the death yak.
The death yak is severely wounded.
The death yak barely misses you.
You feel very mighty all of a sudden. The death yak misses you.
You hit the death yak. You freeze the death yak.
The death yak is almost dead.
The death yak gores you!!
* * * LOW HITPOINT WARNING * * *
You barely miss the death yak.
The death yak is almost dead.
The death yak gores you!
You die...

#.#########.#####
#.#
##...............#
#.#
............>###.#
#.#
##..############.###
#.# #.# #..# #....#
#.# #.# ##..# #....#
#.# #.# ....# #....#
#.# #.# #o..#
#########Y### #.#
#.# #...#
#.......#@# #.# #.#
#...# #.#####.#.#
#.####.#### ....#
#.#..##.#.#
#........). #...#
#.#..##.#.#
######.####
....####.#..##.#.#
#.#...
#..###.........#.#
#.#.##
.....#.#..#...<#.#
#.#.#
##.#.#.#########.#
#.#.#
..#.#...........#
#.#.#


You could see a death yak.

Vanquished Creatures
  A two-headed ogre (D:8)
  An elephant (D:9)
  A yak (D:8)
  A wraith (D:9)
  A wyvern (D:7)
  Grum (D:8)
  Eustachio (D:5)
  2 water moccasins (D:6)
  An orc warrior (D:7)
  3 ice beasts
  2 ogres
  3 black bears
  3 wolves (D:8)
  A phantom (D:5)
  2 centaurs
  5 kobold brigands
  5 bullfrogs
  A gnoll sergeant (D:8)
  A scorpion (D:5)
  6 wights
  An electric eel (D:8)
  4 howler monkeys
  3 hounds
  15 orc priests
  3 jellies
  5 orc wizards
  2 iguanas
  Robin (D:4)
  11 gnolls
  7 adders
  A shadow imp (D:6)
  3 howler monkey simulacra (D:8)
  An ufetubus (D:4)
  3 worms
  4 dart slugs
  28 orcs
  5 endoplasms
  4 giant cockroaches
  17 goblins
  5 hobgoblins
  6 jackals
  2 quokkas
  6 ball pythons
  6 bats
  2 frilled lizards
  20 kobolds
  5 rats
212 creatures vanquished.

Vanquished Creatures (others)
  2 fungi (D:9)
  A plant (D:9)
3 creatures vanquished.

Grand Total: 215 creatures vanquished

Notes
Turn   | Place    | Note
-------+----------+-------------------------------------------
     0 | D:1      | siradein the Ogre Fighter began the quest for the Orb.
     0 | D:1      | Reached XP level 1. HP: 24/24 MP: 1/1
   349 | D:1      | Found a faded altar of an unknown god.
   353 | D:1      | Got Plato's Volume of Feathers
   642 | D:1      | Reached XP level 2. HP: 32/32 MP: 2/2
  1204 | D:2      | Reached XP level 3. HP: 40/40 MP: 3/3
  1655 | D:2      | Reached XP level 4. HP: 39/49 MP: 4/4
  2210 | D:3      | Reached skill level 5 in Fighting
  2210 | D:3      | Reached XP level 5. HP: 17/57 MP: 5/5
  2394 | D:3      | HP: 1/57 [orc/+0 whip (4)]
  3050 | D:3      | Found Beemyahe's Jewellery Boutique.
  3462 | D:4      | Identified the ring of Discord {rN+ MP-9 Dex+7}
  3643 | D:3      | Reached XP level 6. HP: 10/66 MP: 6/6
  3964 | D:4      | Noticed Robin
  4007 | D:4      | Killed Robin
  4560 | D:4      | Found a staircase to the Ecumenical Temple.
  4619 | D:4      | Identified the +6 dagger of Division {spect, *Slow rElec
                  | rN++ Will-}
  4666 | Temple   | Entered the Ecumenical Temple
  4741 | Temple   | Became a worshipper of Makhleb the Destroyer
  4831 | D:4      | Reached skill level 6 in Fighting
  5231 | D:4      | Reached skill level 1 in Invocations
  5231 | D:4      | Reached XP level 7. HP: 75/75 MP: 0/7
  5235 | D:4      | Found a sacrificial altar of Ru.
  5474 | D:4      | Found Cil Suk's Armour Boutique.
  5526 | D:5      | Entered Level 5 of the Dungeon
  5589 | D:5      | Noticed Eustachio
  5844 | D:5      | Killed Eustachio
  6058 | D:5      | Reached skill level 5 in Shields
  6064 | D:5      | Reached XP level 8. HP: 56/84 MP: 0/9
  6091 | D:5      | HP: 4/84 [orc priest/divine providence (10)]
  6476 | D:5      | Reached skill level 7 in Fighting
  6769 | D:5      | Reached * piety under Makhleb
  7241 | D:6      | Reached skill level 5 in Polearms
  7241 | D:6      | Reached skill level 5 in Dodging
  7344 | D:6      | Found a basalt altar of Yredelemnul.
  7346 | D:6      | Noticed a profane servitor
  7364 | D:6      | Found a glowing golden altar of the Shining One.
  7862 | D:6      | Found a stormy altar of Qazlal.
  8384 | D:6      | Found an iron altar of Okawaru.
  8427 | D:6      | Found a shimmering blue altar of Sif Muna.
  8519 | D:6      | Found a sparkling altar of Nemelex Xobeh.
  8519 | D:6      | Found a hide-covered altar of Uskayaw.
  8584 | D:6      | Noticed an angel
  8705 | D:6      | Reached XP level 9. HP: 51/96 MP: 3/12
  8958 | D:7      | Reached skill level 8 in Fighting
  9779 | D:7      | Found a runed translucent door.
  9786 | D:7      | Noticed OTABOTABOTAB's ghost (novice DrTm)
  9838 | D:7      | Reached skill level 5 in Invocations
  9926 | D:7      | Reached ** piety under Makhleb
 10733 | D:8      | Noticed a two-headed ogre
 10751 | D:8      | Killed a two-headed ogre
 10752 | D:8      | Reached skill level 9 in Fighting
 10752 | D:8      | Reached XP level 10. HP: 35/107 MP: 3/14
 11901 | D:8      | Noticed Grum
 11917 | D:8      | Killed Grum
 12370 | D:9      | Noticed an elephant
 12391 | D:9      | Killed an elephant
 12392 | D:9      | Reached skill level 10 in Fighting
 12596 | D:9      | Found a staircase to the Lair.
 12597 | D:9      | Noticed a death yak
 13018 | D:9      | Reached *** piety under Makhleb
 13443 | D:9      | Slain by a death yak

Illustrated notes

Levels and vault maps discovered:
D:1:      matt_arrival_spirals, layout_loops_ring,
          shapermc_ecumenical_altar_rom_forum
D:2:      layout_basic
D:3:      layout_basic, serial_shops, nicolae_shop_window_shopping
D:4:      layout_loops_ring, old_standard_altar, minmay_temple_entry_mini_moons,
          serial_shops, kennysheep_mini_moat, minmay_strange_pillars, uniq_robin
D:5:      layout_basic, lemuel_flamethrower_1, uniq_eustachio
D:6:      layout_cave_pools, grunt_temple_overflow_holy_war,
          mainiacjoe_overflow_catch_the_wave, nicolae_overflow_hidden_temple,
          mainiacjoe_overflow_divided_tiny
D:7:      layout_loops_ring, ebering_ghost_reflecting_pool
D:8:      layout_basic, serial_ice, serial_ice_d, serial_ice_a, serial_ice_b,
          serial_ice_n, kennysheep_doodads, uniq_grum
D:9:      layout_basic, david_lair_generic, serial_shops, nicolae_diamond_shop
Temple:   eino_narrow_crystal_temple

Skill      XL: |  1  2  3  4  5  6  7  8  9 10 |
---------------+-------------------------------+-----
Dodging        | 3 4 5 6 7 |  7.1
Fighting       | 5 6 7 9 10 | 10.2
Polearms       | 3 4 5 6 7 |  7.4
Shields        | 4 5 7 |  7.7
Invocations    | 1 2 4 5 6 |  6.8

Action                   |  1- 3 |  4- 6 |  7- 9 | 10-12 || total
-------------------------+-------+-------+-------+-------++-------
Melee: Trident           |   104 |   223 |   389 |     1 ||   717
       Spear             |       |       |       |    50 ||    50
Throw: Stone             |     6 |       |     1 |     2 ||     9
       Dart              |       |     5 |    12 |       ||    17
Invok: Minor Destruction |       |       |    22 |   145 ||   167
  Use: Scroll            |       |       |     8 |     1 ||     9
       Potion            |       |       |     2 |     1 ||     3
 Stab: Sleeping          |       |     1 |       |       ||     1
       Distracted        |       |       |     1 |       ||     1
Armor: Robe              |    26 |    71 |   107 |    23 ||   227
       Skin              |       |       |     9 |       ||     9
Dodge: Dodged            |    22 |    90 |   128 |    39 ||   279
Block: Kite shield       |    28 |   129 |   164 |    48 ||   369

Table legend: (Time is in decaauts)
 A = Elapsed time spent in this place.
 B = Non-inter-level travel time spent in this place.
 C = Inter-level travel time spent in this place.
 D = Time resting spent in this place.
 E = Time spent auto-exploring this place.
 F = Levels seen in this place.
 G = Mean time per level.
                   A        B        C        D        E       F      G
               +--------+--------+--------+--------+--------+-----+--------+
         Total |  13622 |  13348 |    274 |   2813 |   7897 |  10 | 1362.2 |
       Dungeon |  13530 |  13256 |    274 |   2813 |   7835 |   9 | 1503.3 |
        Temple |     91 |     91 |      0 |      0 |     62 |   1 |   91.0 |
               +--------+--------+--------+--------+--------+-----+--------+

Top non-repeatable levels by time:
     D:8: 2127 daAuts
     D:3: 2075 daAuts
     D:6: 1802 daAuts
     D:7: 1623 daAuts
     D:4: 1568 daAuts
     D:5: 1484 daAuts
     D:2: 1201 daAuts
     D:1: 847 daAuts
     D:9: 800 daAuts
  Temple: 91 daAuts
